 Dungeon Crawl Stone Soup version 0.20.1-1-g8b1a95d (webtiles) character file.

4822 vomix the Severer (level 10, 0/84 HPs)
             Began as a Minotaur Berserker on Aug 29, 2017.
             Was a High Priest of Trog.
             Slain by a yak (11 damage)
             ... on level 8 of the Dungeon.
             The game lasted 00:11:28 (6624 turns).

vomix the Severer (Minotaur Berserker)              Turns: 6624, Time: 00:11:30

Health: 0/84       AC: 14    Str: 22    XL:     10   Next: 25%
Magic:  9/9        EV:  8    Int:  4    God:    Trog [*****.]
Gold:   433        SH:  3    Dex: 13    Spells: 9/9 levels left

rFire    . . .     SeeInvis .   r - +0 war axe
rCold    + . .     Gourm    .   s - +0 buckler {reflect}
rNeg     . . .     Faith    .   k - +0 chain mail (curse)
rPois    .         Spirit   .   (helmet restricted)
rElec    .         Reflect  +   D - +0 cloak {+Inv}
rCorr    .         Harm     .   m - +0 pair of gloves
MR       .....                  (no boots)
Stlth    ..........             (no amulet)
Regen    0.3/turn               q - +3 ring of protection (curse)
MPRegen  0.2/turn               j - ring of protection from cold

@: berserk cooldown, slowed, very slow
A: retaliatory headbutt, horns 2
a: Berserk, Trog's Hand, Brothers in Arms, Burn Spellbooks, Renounce Religion,
Evoke Invisibility


You were on level 8 of the Dungeon.
You worshipped Trog.
Trog was extremely pleased with you.
You were not hungry.

You visited 1 branch of the dungeon, and saw 8 of its levels.

You collected 433 gold pieces.

Inventory:

Hand Weapons
 r - a +0 war axe (weapon)
Armour
 k - a cursed +0 chain mail (worn)
 m - a +0 pair of gloves (worn)
 s - a +0 buckler of reflection (worn)
 D - a +0 cloak of invisibility (worn)
Jewellery
 j - a ring of protection from cold (right hand)
 q - a cursed +3 ring of protection (left hand)
Scrolls
 d - a scroll of noise {unknown}
 e - 4 scrolls of remove curse
 g - 2 scrolls of random uselessness {unknown}
 l - 3 scrolls of teleportation
 n - 2 scrolls of amnesia {unknown}
 p - 2 scrolls of enchant armour {unknown}
 v - 2 scrolls of recharging {unknown}
 y - 2 scrolls of enchant weapon {unknown}
 B - a scroll of fog {unknown}
Potions
 a - a potion of haste
 b - 2 potions of heal wounds
 h - a potion of lignification
 i - 4 potions of curing
 o - a potion of resistance {unknown}
 u - 2 potions of might
 w - a potion of cancellation {unknown}
 x - a potion of berserk rage {unknown}
 z - a potion of brilliance {unknown}
Comestibles
 c - 4 bread rations
 f - 3 meat rations
 t - 2 chunks of flesh
 A - a royal jelly


   Skills:
 + Level 6.5 Fighting
 - Level 16.3 Axes
 - Level 2.4 Armour
 - Level 2.1 Dodging


You had 9 spell levels left.
You didn't know any spells.

Dungeon Overview and Level Annotations

Branches:
Dungeon (8/15)             Temple (0/1) D:7
   Lair: D:8-11

Altars:
Fedhas
Sif Muna
Xom
The Shining One

Shops:
D:4 *   D:5 %   D:6 (

Annotations:
D:3 2 transporters


Innate Abilities, Weirdness & Mutations

You reflexively headbutt those who attack you in melee.
You have a pair of horns on your head.


Message History

The yak completely misses you. The yak misses you.
You slash the yak!
The yak is moderately wounded.
You hit the yak but do no damage. x2; You hit the yak.
The yak gores you but does no damage. The yak gores you!
* * * LOW HITPOINT WARNING * * *
The yak gores you!
* * * LOW HITPOINT WARNING * * *
The yak gores you.
* * * LOW HITPOINT WARNING * * *
The yak gores you!
* * * LOW HITPOINT WARNING * * *
You feel much better. The yak gores you!
* * * LOW HITPOINT WARNING * * *
The yak completely misses you. The yak gores you.
* * * LOW HITPOINT WARNING * * *
The yak gores you.
* * * LOW HITPOINT WARNING * * *
The yak gores you!
You die...

#.. ....... #.. ..
......# .... #.##......#
... #.. ..#......## ..
....+..###.#........ .#
....# #.....#....... .#
#....# #.....#.......
.###....# #....Y@Y......
........###....#YY######
...............#.......#
............####.......#
#...........## #.......#
..)..........# #........
.............# #........
.............# #.>..#...
.............# #....#...


You could see 4 yaks.

Vanquished Creatures
  A two-headed ogre (D:8)
  The ghost of p0werm0de the Fighter, a novice DsBe of Trog (D:8)
  The ghost of Elmdore the Archer, a novice CeHu of Okawaru (D:5)
  A slime creature (D:6)
  A yak (D:8)
  A wyvern (D:8)
  Eustachio (D:4)
  An ice beast (D:8)
  3 sky beasts
  A black bear (D:6)
  2 phantoms
  4 ogres
  A centaur (D:7)
  3 bullfrogs
  A scorpion (D:6)
  5 wights (D:6)
  2 crimson imps (D:7)
  2 hounds
  A quasit (D:5)
  3 orc priests
  9 jellies (D:6)
  3 orc wizards
  Terence (D:2)
  3 iguanas
  5 worker ants
  A worker ant zombie (D:6)
  A howler monkey skeleton (D:6)
  7 adders
  A shadow imp (D:6)
  12 oozes (D:6)
  5 worms
  A dart slug (D:1)
  5 leopard geckos
  20 orcs
  5 giant cockroaches
  6 goblins
  7 hobgoblins
  6 jackals (D:6)
  A quokka (D:8)
  2 bats
  5 frilled lizards
  5 kobolds
  A quokka zombie (D:7)
  10 rats
158 creatures vanquished.

Vanquished Creatures (others)
  6 fungi (D:6)
6 creatures vanquished.

Grand Total: 164 creatures vanquished

Notes
Turn   | Place    | Note
-------+----------+-------------------------------------------
     0 | D:1      | vomix the Minotaur Berserker began the quest for the Orb.
     0 | D:1      | Reached XP level 1. HP: 19/19 MP: 0/0
   127 | D:1      | Reached skill level 4 in Axes
   191 | D:1      | Reached XP level 2. HP: 21/26 MP: 1/1
  1028 | D:2      | Noticed Terence
  1036 | D:2      | Killed Terence
  1036 | D:2      | Reached skill level 5 in Axes
  1036 | D:2      | Reached XP level 3. HP: 31/31 MP: 2/2
  1174 | D:2      | Reached ** piety under Trog
  1474 | D:2      | Reached XP level 4. HP: 28/39 MP: 3/3
  1547 | D:2      | Reached skill level 6 in Axes
  1769 | D:3      | Reached XP level 5. HP: 40/45 MP: 4/4
  1884 | D:3      | Found a transporter.
  1917 | D:3      | Reached skill level 7 in Axes
  2170 | D:3      | Found a transporter.
  2490 | D:4      | Noticed Eustachio
  2500 | D:4      | Killed Eustachio
  2500 | D:4      | Reached skill level 8 in Axes
  2500 | D:4      | Reached XP level 6. HP: 51/51 MP: 5/5
  2569 | D:4      | Found Fouqil's General Store.
  2586 | D:4      | Reached *** piety under Trog
  3060 | D:4      | Found a glowing golden altar of the Shining One.
  3238 | D:5      | Entered Level 5 of the Dungeon
  3281 | D:5      | Reached skill level 9 in Axes
  3302 | D:5      | Noticed Elmdore's ghost (novice CeHu)
  3319 | D:5      | Killed Elmdore's ghost
  3319 | D:5      | Reached skill level 11 in Axes
  3319 | D:5      | Reached XP level 7. HP: 21/57 MP: 6/6
  3743 | D:5      | Found Novuh's Food Boutique.
  3946 | D:5      | Reached XP level 8. HP: 64/64 MP: 7/7
  3957 | D:5      | Found a shimmering altar of Xom.
  4073 | D:5      | Reached skill level 12 in Axes
  4411 | D:6      | Reached skill level 13 in Axes
  4791 | D:6      | Reached **** piety under Trog
  4791 | D:6      | Reached XP level 9. HP: 70/70 MP: 8/8
  4956 | D:6      | Reached skill level 14 in Axes
  5434 | D:6      | Found Yleolo's Antique Weapon Shoppe.
  5628 | D:6      | Reached skill level 15 in Axes
  5779 | D:7      | Found a staircase to the Ecumenical Temple.
  5851 | D:7      | Reached ***** piety under Trog
  5911 | D:7      | Found a blossoming altar of Fedhas.
  6098 | D:7      | Found a deep blue altar of Sif Muna.
  6470 | D:8      | Noticed p0werm0de's ghost (novice DsBe)
  6480 | D:8      | Killed p0werm0de's ghost
  6480 | D:8      | Reached skill level 16 in Axes
  6563 | D:8      | Reached XP level 10. HP: 70/77 MP: 9/9
  6578 | D:8      | Noticed a two-headed ogre
  6584 | D:8      | Killed a two-headed ogre
  6584 | D:8      | Reached skill level 5 in Fighting
  6623 | D:8      | HP: 1/84 [yak (9)]
  6624 | D:8      | Slain by a yak

Skill      XL: |  1  2  3  4  5  6  7  8  9 10 |
---------------+-------------------------------+-----
Axes           | 4 5 6 8 11 13 16 | 16.3
Fighting       | 6 |  6.5
Armour         | |  2.4
Dodging        | |  2.1

Action                   |  1- 3 |  4- 6 |  7- 9 | 10-12 || total
-------------------------+-------+-------+-------+-------++-------
Melee: Hand axe          |    53 |    62 |       |       ||   115
       Headbutt          |     9 |    25 |    43 |     1 ||    78
       War axe           |       |    53 |   222 |    16 ||   291
Invok: Berserk           |     1 |     3 |     6 |     1 ||    11
       Trog's Hand       |       |       |     1 |       ||     1
       Burn Spellbooks   |       |       |     1 |       ||     1
  Use: Potion            |       |       |     3 |     1 ||     4
       Scroll            |       |       |     5 |       ||     5
  Eat: Chunk             |     2 |     7 |     3 |     2 ||    14
       Royal jelly       |       |     2 |     1 |       ||     3
       Meat ration       |       |       |     2 |       ||     2
Armor: Animal skin       |     3 |       |       |       ||     3
       Chain mail        |     4 |    59 |    91 |     7 ||   161
       Skin              |       |       |    19 |       ||    19
Dodge: Dodged            |    20 |    32 |    57 |     7 ||   116
Block: Buckler           |       |     5 |    24 |     2 ||    31
